Pick #1

Connor Bedard
Pick #2

Leo Carlsson
Pick #3

Adam Fantilli
Pick #4

Matvei Michkov
Pick #5

David Reinbacher
Pick #6

William Smith
Pick #7

Zachary Benson
Pick #8

Ryan Leonard
Pick #9

Gabriel Perreault
Pick #10

Axel Sandin-Pellika
Pick #11

Daniil But
Pick #12

Dalibor Dvorsky
Pick #13

Quentin Musty
Pick #14

Brayden Yager
Pick #15

Dmitry Simashev
Pick #16

Colby Barlow
Pick #17

Andrew Cristall
Pick #18

Easton Cowan
Pick #19

Jacob Fowler
Pick #20

Oliver Moore
Pick #21

Oliver Bonk
Pick #22

Tom Willander
Pick #23

Calum Ritchie
Pick #24

Tanner Molendyk
Pick #25

Gavin Brindley
Pick #26

Nate Danielson
Pick #27

Pick #28

Pick #29

Pick #30

Pick #31

Pick #32

Pick #33

Pick #34

Pick #35

Pick #36

Pick #37

Pick #38

Pick #39

Pick #40

Pick #41

Pick #42

Pick #43

Pick #44

Pick #45

Pick #46

Pick #47

Pick #48

Pick #49

Pick #50

Pick #51

Pick #52

Pick #53

Pick #54

Pick #55

Pick #56

Pick #57

Pick #58

Pick #59

Pick #60

Pick #61

Pick #62

Pick #63

Pick #64

Pick #65

Pick #66

Pick #67

Pick #68

Pick #69

Pick #70

Pick #71

Pick #72

Pick #73

Pick #74

Pick #75

Pick #76

Pick #77

Pick #78

Pick #79

Pick #80

Pick #81

Pick #82

Pick #83

Pick #84

Pick #85

Pick #86

Pick #87

Pick #88

Pick #89

Pick #90

Pick #91

Pick #92

Pick #93

Pick #94

Pick #95

Pick #96

Pick #97

Pick #98

Pick #99

Pick #100

Pick #101

Pick #102

Pick #103

Pick #104

Pick #105

Pick #106

Pick #107

Pick #108

Pick #109

Pick #110

Pick #111

Pick #112

Pick #113

Pick #114

Pick #115

Pick #116

Pick #117

Pick #118

Pick #119

Pick #120

Pick #121

Pick #122

Pick #123

Pick #124

Pick #125

Pick #126

Pick #127

Pick #128

Pick #129

Pick #130

Full Scoreboard »»

Rangers vs Flyers

Created - October 29, 2023 at 02:58

Goals
1 2 3 T
Rangers 2 1 0 3
Flyers 0 1 0 1
Shots
1 2 3 T
Rangers 11 11 3 25
Flyers 11 16 11 38

GoalsPenalties
1st period
1. Rangers , Eric Robinson 3 (Artem Zub 6) at 2:00 (PP)
2. Rangers , Kent Johnson 2 (Kieffer Bellows 1) at 9:14
Vince Dunn (PHI) for Tripping (Minor) at 1:00
Luke Schenn (NYR) for Roughing (Minor) at 6:49
Mario Ferraro (NYR) for Boarding (Double Minor) at 11:54
Luke Schenn (NYR) for Interference (Minor) at 19:50
2nd period
3. Flyers , Alex Pietrangelo 4 (Jared McCann 5, Johnny Gaudreau 2) at 12:54 (PP)
4. Rangers , Eric Robinson 4 (Jesse Puljujarvi 5, Luke Kunin 2) at 14:26
Eetu Luostarinen (PHI) for Diving (Minor) at 2:53
Caleb Jones (NYR) for Tripping (Minor) at 8:31
Luke Schenn (NYR) for Hooking (Minor) at 12:26
Mario Ferraro (NYR) for Roughing (Minor) at 14:55
Vince Dunn (PHI) for Hooking (Minor) at 18:52
Luke Kunin (NYR) for Tripping (Minor) at 18:52
3rd period
No Goal
Jake DeBrusk (PHI) for Boarding (Minor) at 16:07
Mario Ferraro (NYR) for Tripping (Minor) at 18:36
Goalie Stats
Darcy Kuemper (NYR), 37 saves from 38 shots - (0.974), W, 5-0-0, 60:00 minutes
Linus Ullmark (PHI), 22 saves from 25 shots - (0.880), L, 5-3-1, 60:00 minutes
3 StarsOfficial
1 - Darcy Kuemper (NYR)
2 - Eric Robinson (NYR)
3 - Kent Johnson (NYR)
Referees : Kendrick Nicholson and Trevor Hanson
Linesman : Jeff Walker and Derek Amell
Game Note
No Game Note
Finance
Level 1 -- Attendance: 5942 (91.42%) -- Ticket Income $623,910
Level 2 -- Attendance: 4751 (95.02%) -- Ticket Income $356,325
Level 3 -- Attendance: 3017 (86.20%) -- Ticket Income $165,935
Level 4 -- Attendance: 1565 (100.00%) -- Ticket Income $62,600
Luxury Box -- Attendance: 912 (91.20%) -- Ticket Income $181,488
Game was played at the Wells Fargo Center.
Total Attendance: 16187 (92.15%)
Total Ticket Income: $1,390,258
Other Income: $347,564
Total Income: $1,737,822



Team Name Goals Shots Shots Attemp Shots Blocked PIM HIT PP PK FO%
Rangers 325491218221 / 3 (33%)155%
Flyers 1388198181 / 8 (13%)145%

Rangers
Player Name POS G A P +/- PIM HIT SHT SB MP PP MP PP SHT PK MP PK SHT FO% FOT
Adam ErneLW0000020220:432:0206:44050% 2
Anthony BeauvillierLW000000204:080:0000:0000% 0
Artem ZubD0110010324:382:0307:5000% 0
Caleb JonesD0000220214:590:0002:0200% 0
Casey MittelstadtC0000002010:590:0000:0000% 1
Eric RobinsonLW2021003125:132:5627:02067% 3
Jesse PuljujarviRW0111012117:102:5600:00050% 2
Juuso ParssinenC0000011021:262:0206:44056% 41
Kent JohnsonC1011003012:162:0210:00063% 8
Kieffer BellowsLW011103009:560:0000:00050% 2
Logan BrownC000000004:080:0000:00075% 4
Luke KuninC0111225024:112:5607:02052% 33
Luke SchennD0002660120:192:5503:5400% 0
Mario FerraroD0000800012:550:0000:0000% 0
Martin FehervaryD0000021024:312:0307:4300% 0
Nathan WalkerLW000001004:080:0000:0000% 0
Nick BoninoC000100519:560:0000:00050% 2
Sebastien AhoD0002011122:312:5516:0300% 0
Flyers
Player Name POS G A P +/- PIM HIT SHT SB MP PP MP PP SHT PK MP PK SHT FO% FOT
Aaron EkbladD0000012022:376:2922:3500% 0
Alex PietrangeloD1010005024:406:2952:2300% 0
Brandon TanevLW000-1011011:210:0002:400100% 1
Calle JarnkrokC000-100208:410:0000:00022% 9
Dante FabbroD000-2000212:410:0000:4600% 0
Eetu LuostarinenC000-120007:000:0001:25025% 4
Erik JohnsonD000-2000212:280:0000:0000% 0
Fabian ZetterlundLW000-101005:360:0000:0000% 1
Jake DeBruskLW0000223019:086:5800:000100% 1
Jared McCannLW0110030019:286:3900:0000% 0
Joel FarabeeLW000-1013116:417:0720:5300% 2
Johnny GaudreauLW0110024121:066:3920:00050% 2
Mika ZibanejadC0000014023:226:3912:54050% 34
Robert ThomasC0000025022:217:0712:04049% 43
Tomas TatarLW000-100205:450:0900:0000% 0
Victor HedmanD0000004025:427:1732:3700% 0
Vince DunnD0000420314:330:0001:3500% 0
William NylanderRW0000023019:497:1720:0000% 1



Play-by-Play

1st period


0:01 of 1st period - Robert Thomas wins face-off versus Luke Kunin in neutral zone.
0:47 of 1st period - Icing by Artem Zub.
0:48 of 1st period - Luke Kunin wins face-off versus Mika Zibanejad in Rangers zone.
0:48 of 1st period - Martin Fehervary is hit by William Nylander and loses puck.
1:00 of 1st period - Minor Penalty to Vince Dunn for Tripping.
1:01 of 1st period - Juuso Parssinen wins face-off versus Mika Zibanejad in Flyers zone.
1:24 of 1st period - Shot by Kent Johnson.
1:24 of 1st period - Shot Blocked by Dante Fabbro.
1:26 of 1st period - Shot by Sebastien Aho.
1:26 of 1st period - Stopped by Linus Ullmark with a rebound.
1:28 of 1st period - Shot by Kent Johnson.
1:28 of 1st period - Shot Misses the Net.
1:58 of 1st period - Shot by Artem Zub.
1:58 of 1st period - Shot Misses the Net.
2:00 of 1st period - Shot by Eric Robinson.
2:00 of 1st period - Goal by Eric Robinson - Rangers : 1 - Flyers : 0.
2:01 of 1st period - Logan Brown wins face-off versus Calle Jarnkrok in neutral zone.
2:22 of 1st period - Shot by Anthony Beauvillier.
2:22 of 1st period - Stopped by Linus Ullmark with a rebound.
2:24 of 1st period - Shot by Mario Ferraro.
2:24 of 1st period - Shot Misses the Net.
2:26 of 1st period - Shot by Anthony Beauvillier.
2:26 of 1st period - Stopped by Linus Ullmark without a rebound.
2:27 of 1st period - Kent Johnson wins face-off versus Mika Zibanejad in Flyers zone.
2:39 of 1st period - Off-side.
2:40 of 1st period - Juuso Parssinen wins face-off versus Eetu Luostarinen in neutral zone.
2:40 of 1st period - Casey Mittelstadt is hit by Fabian Zetterlund and loses puck.
3:05 of 1st period - Shot by Casey Mittelstadt.
3:05 of 1st period - Stopped by Linus Ullmark without a rebound.
3:06 of 1st period - Mika Zibanejad wins face-off versus Kent Johnson in Flyers zone.
3:33 of 1st period - Icing by Caleb Jones.
3:34 of 1st period - Robert Thomas wins face-off versus Kent Johnson in Rangers zone.
3:34 of 1st period - Aaron Ekblad is hit by Caleb Jones and loses puck.
3:40 of 1st period - Mario Ferraro is hit by Vince Dunn and loses puck.
3:47 of 1st period - Shot by Nick Bonino.
3:47 of 1st period - Stopped by Linus Ullmark without a rebound.
3:48 of 1st period - Juuso Parssinen wins face-off versus Calle Jarnkrok in Flyers zone.
4:03 of 1st period - Shot by Brandon Tanev.
4:03 of 1st period - Shot Blocked by Luke Schenn.
4:05 of 1st period - Shot by Victor Hedman.
4:05 of 1st period - Stopped by Darcy Kuemper without a rebound.
4:06 of 1st period - Luke Kunin wins face-off versus Robert Thomas in Rangers zone.
4:14 of 1st period - Icing by Martin Fehervary.
4:15 of 1st period - Robert Thomas wins face-off versus Luke Kunin in Rangers zone.
5:13 of 1st period - Shot by Jake DeBrusk.
5:13 of 1st period - Shot Blocked by Artem Zub.
5:47 of 1st period - Shot by Mika Zibanejad.
5:47 of 1st period - Stopped by Darcy Kuemper without a rebound.
5:48 of 1st period - Kent Johnson wins face-off versus Calle Jarnkrok in Rangers zone.
6:16 of 1st period - Shot by Nick Bonino.
6:16 of 1st period - Stopped by Linus Ullmark without a rebound.
6:17 of 1st period - Juuso Parssinen wins face-off versus Fabian Zetterlund in Flyers zone.
6:27 of 1st period - Off-side.
6:28 of 1st period - Logan Brown wins face-off versus Robert Thomas in neutral zone.
6:47 of 1st period - Jared McCann is hit by Luke Schenn and loses puck.
6:49 of 1st period - Minor Penalty to Luke Schenn for Roughing.
6:50 of 1st period - Luke Kunin wins face-off versus Robert Thomas in Rangers zone.
6:50 of 1st period - Luke Kunin is hit by Jake DeBrusk.
7:08 of 1st period - Adam Erne is hit by Robert Thomas and loses puck.
7:17 of 1st period - Shot by Robert Thomas.
7:17 of 1st period - Deflect By Jake DeBrusk.
7:17 of 1st period - Shot Misses the Net.
7:30 of 1st period - Icing by Victor Hedman.
7:31 of 1st period - Eric Robinson wins face-off versus Robert Thomas in Flyers zone.
7:32 of 1st period - Shot by Luke Kunin.
7:32 of 1st period - Shot Misses the Net.
8:30 of 1st period - Luke Kunin is hit by Jared McCann and loses puck.
9:00 of 1st period - Off-side.
9:01 of 1st period - Kieffer Bellows wins face-off versus Eetu Luostarinen in neutral zone.
9:14 of 1st period - Shot by Kent Johnson.
9:14 of 1st period - Goal by Kent Johnson - Rangers : 2 - Flyers : 0.
9:15 of 1st period - Calle Jarnkrok wins face-off versus Juuso Parssinen in neutral zone.
9:36 of 1st period - Shot by Calle Jarnkrok.
9:36 of 1st period - Shot Misses the Net.
9:38 of 1st period - Shot by Brandon Tanev.
9:38 of 1st period - Deflect By Joel Farabee.
9:38 of 1st period - Stopped by Darcy Kuemper without a rebound.
9:39 of 1st period - Luke Kunin wins face-off versus Robert Thomas in Rangers zone.
9:58 of 1st period - Shot by Aaron Ekblad.
9:58 of 1st period - Shot Misses the Net.
10:07 of 1st period - Jared McCann is hit by Luke Schenn and loses puck.
10:40 of 1st period - Shot by William Nylander.
10:40 of 1st period - Stopped by Darcy Kuemper without a rebound.
10:41 of 1st period - Juuso Parssinen wins face-off versus Mika Zibanejad in Rangers zone.
11:24 of 1st period - Shot by Martin Fehervary.
11:24 of 1st period - Stopped by Linus Ullmark without a rebound.
11:25 of 1st period - Calle Jarnkrok wins face-off versus Kent Johnson in Flyers zone.
11:25 of 1st period - Calle Jarnkrok is hit by Kieffer Bellows.
11:35 of 1st period - Shot by Calle Jarnkrok.
11:35 of 1st period - Stopped by Darcy Kuemper without a rebound.
11:36 of 1st period - Logan Brown wins face-off versus Robert Thomas in Rangers zone.
11:54 of 1st period - Double Minor Penalty to Mario Ferraro for Boarding.
11:55 of 1st period - Robert Thomas wins face-off versus Luke Kunin in Rangers zone.
12:10 of 1st period - Sebastien Aho is hit by Jake DeBrusk and loses puck.
12:28 of 1st period - Icing by Joel Farabee.
12:29 of 1st period - Robert Thomas wins face-off versus Luke Kunin in Flyers zone.
13:16 of 1st period - Shot by Alex Pietrangelo.
13:16 of 1st period - Shot Misses the Net.
13:32 of 1st period - Shot by Johnny Gaudreau.
13:32 of 1st period - Stopped by Darcy Kuemper without a rebound.
13:33 of 1st period - Mika Zibanejad wins face-off versus Juuso Parssinen in Rangers zone.
14:15 of 1st period - Icing by Robert Thomas.
14:16 of 1st period - Robert Thomas wins face-off versus Juuso Parssinen in Flyers zone.
14:21 of 1st period - Shot by William Nylander.
14:21 of 1st period - Stopped by Darcy Kuemper without a rebound.
14:22 of 1st period - Robert Thomas wins face-off versus Luke Kunin in Rangers zone.
14:27 of 1st period - Shot by Victor Hedman.
14:27 of 1st period - Shot Misses the Net.
14:29 of 1st period - Shot by Victor Hedman.
14:29 of 1st period - Stopped by Darcy Kuemper without a rebound.
14:30 of 1st period - Robert Thomas wins face-off versus Juuso Parssinen in Rangers zone.
14:49 of 1st period - Shot by Robert Thomas.
14:49 of 1st period - Shot Misses the Net.
14:51 of 1st period - Shot by Robert Thomas.
14:51 of 1st period - Shot Misses the Net.
14:53 of 1st period - Shot by Victor Hedman.
14:53 of 1st period - Stopped by Darcy Kuemper without a rebound.
14:54 of 1st period - Mika Zibanejad wins face-off versus Juuso Parssinen in Rangers zone.
15:19 of 1st period - Off-side.
15:20 of 1st period - Luke Kunin wins face-off versus Robert Thomas in neutral zone.
15:40 of 1st period - Shot by Victor Hedman.
15:40 of 1st period - Shot Blocked by Eric Robinson.
15:42 of 1st period - Shot by Victor Hedman.
15:42 of 1st period - Deflect By Robert Thomas.
15:42 of 1st period - Stopped by Darcy Kuemper without a rebound.
15:43 of 1st period - Juuso Parssinen wins face-off versus Mika Zibanejad in Rangers zone.
15:56 of 1st period - Fabian Zetterlund is hit by Kieffer Bellows.
16:02 of 1st period - Shot by Eetu Luostarinen.
16:02 of 1st period - Deflect By Tomas Tatar.
16:02 of 1st period - Shot Misses the Net.
16:30 of 1st period - Shot by Nick Bonino.
16:30 of 1st period - Stopped by Linus Ullmark without a rebound.
16:31 of 1st period - Luke Kunin wins face-off versus Robert Thomas in Flyers zone.
17:03 of 1st period - Shot by Johnny Gaudreau.
17:03 of 1st period - Shot Hit the Post.
17:05 of 1st period - Shot by Victor Hedman.
17:05 of 1st period - Shot Misses the Net.
17:07 of 1st period - Shot by Robert Thomas.
17:07 of 1st period - Stopped by Darcy Kuemper without a rebound.
17:08 of 1st period - Juuso Parssinen wins face-off versus Mika Zibanejad in Rangers zone.
17:15 of 1st period - Shot by Juuso Parssinen.
17:15 of 1st period - Shot Blocked by Vince Dunn.
18:53 of 1st period - Off-side.
18:54 of 1st period - Robert Thomas wins face-off versus Luke Kunin in neutral zone.
18:57 of 1st period - Shot by Johnny Gaudreau.
18:57 of 1st period - Shot Misses the Net.
19:35 of 1st period - Shot by Eric Robinson.
19:35 of 1st period - Shot Misses the Net.
19:37 of 1st period - Shot by Luke Kunin.
19:37 of 1st period - Stopped by Linus Ullmark without a rebound.
19:38 of 1st period - Juuso Parssinen wins face-off versus Calle Jarnkrok in Flyers zone.
19:50 of 1st period - Minor Penalty to Luke Schenn for Interference.
19:51 of 1st period - Juuso Parssinen wins face-off versus Robert Thomas in Rangers zone.
19:57 of 1st period - Icing by Robert Thomas.
19:58 of 1st period - Adam Erne wins face-off versus Robert Thomas in Flyers zone.
Goals for this period are 2 for Rangers vs 0 for Flyers.
Shots for this period are 11 for Rangers vs 11 for Flyers.

2nd period


0:01 of 2nd period - Juuso Parssinen wins face-off versus Mika Zibanejad in neutral zone.
0:12 of 2nd period - Shot by William Nylander.
0:12 of 2nd period - Stopped by Darcy Kuemper without a rebound.
0:13 of 2nd period - Juuso Parssinen wins face-off versus Robert Thomas in Rangers zone.
0:45 of 2nd period - Icing by Jake DeBrusk.
0:46 of 2nd period - Robert Thomas wins face-off versus Luke Kunin in Flyers zone.
0:48 of 2nd period - Icing by Joel Farabee.
0:49 of 2nd period - Robert Thomas wins face-off versus Juuso Parssinen in Flyers zone.
0:56 of 2nd period - Shot by Aaron Ekblad.
0:56 of 2nd period - Stopped by Darcy Kuemper without a rebound.
0:57 of 2nd period - Luke Kunin wins face-off versus Johnny Gaudreau in Rangers zone.
1:35 of 2nd period - Icing by Johnny Gaudreau.
1:36 of 2nd period - Luke Kunin wins face-off versus Mika Zibanejad in Flyers zone.
2:03 of 2nd period - Aaron Ekblad is hit by Adam Erne and loses puck.
2:48 of 2nd period - Shot by Eetu Luostarinen.
2:48 of 2nd period - Deflect By Tomas Tatar.
2:48 of 2nd period - Stopped by Darcy Kuemper with a rebound.
2:50 of 2nd period - Shot by Eetu Luostarinen.
2:50 of 2nd period - Shot Blocked by Sebastien Aho.
2:53 of 2nd period - Minor Penalty to Eetu Luostarinen for Diving.
2:54 of 2nd period - Mika Zibanejad wins face-off versus Jesse Puljujarvi in Flyers zone.
3:15 of 2nd period - Shot by Luke Kunin.
3:15 of 2nd period - Shot Misses the Net.
3:17 of 2nd period - Shot by Jesse Puljujarvi.
3:17 of 2nd period - Deflect By Eric Robinson.
3:17 of 2nd period - Stopped by Linus Ullmark without a rebound.
3:18 of 2nd period - Luke Kunin wins face-off versus Joel Farabee in Flyers zone.
3:32 of 2nd period - Martin Fehervary is hit by Vince Dunn and loses puck.
5:24 of 2nd period - Shot by Tomas Tatar.
5:24 of 2nd period - Shot Misses the Net.
6:40 of 2nd period - Off-side.
6:41 of 2nd period - Mika Zibanejad wins face-off versus Luke Kunin in neutral zone.
6:58 of 2nd period - Shot by Mika Zibanejad.
6:58 of 2nd period - Shot Misses the Net.
7:00 of 2nd period - Shot by William Nylander.
7:00 of 2nd period - Shot Misses the Net.
8:12 of 2nd period - Shot by Brandon Tanev.
8:12 of 2nd period - Shot Blocked by Caleb Jones.
8:14 of 2nd period - Shot by Brandon Tanev.
8:14 of 2nd period - Shot Misses the Net.
8:16 of 2nd period - Shot by Alex Pietrangelo.
8:16 of 2nd period - Shot Misses the Net.
8:31 of 2nd period - Minor Penalty to Caleb Jones for Tripping.
8:32 of 2nd period - Mika Zibanejad wins face-off versus Luke Kunin in Rangers zone.
8:33 of 2nd period - Shot by Alex Pietrangelo.
8:33 of 2nd period - Shot Misses the Net.
9:00 of 2nd period - Shot by Aaron Ekblad.
9:00 of 2nd period - Stopped by Darcy Kuemper without a rebound.
9:01 of 2nd period - Robert Thomas wins face-off versus Luke Kunin in Rangers zone.
9:04 of 2nd period - Shot by Victor Hedman.
9:04 of 2nd period - Shot Misses the Net.
9:06 of 2nd period - Shot by Jake DeBrusk.
9:06 of 2nd period - Shot Misses the Net.
9:08 of 2nd period - Shot by Joel Farabee.
9:08 of 2nd period - Stopped by Darcy Kuemper without a rebound.
9:09 of 2nd period - Robert Thomas wins face-off versus Luke Kunin in Rangers zone.
9:23 of 2nd period - Joel Farabee is hit by Sebastien Aho and loses puck.
9:32 of 2nd period - Shot by William Nylander.
9:32 of 2nd period - Shot Misses the Net.
9:34 of 2nd period - Shot by Jake DeBrusk.
9:34 of 2nd period - Shot Misses the Net.
9:40 of 2nd period - Shot by Victor Hedman.
9:40 of 2nd period - Stopped by Darcy Kuemper without a rebound.
9:41 of 2nd period - Mika Zibanejad wins face-off versus Juuso Parssinen in Rangers zone.
9:59 of 2nd period - Shot by Johnny Gaudreau.
9:59 of 2nd period - Stopped by Darcy Kuemper with a rebound.
10:01 of 2nd period - Shot by Mika Zibanejad.
10:01 of 2nd period - Stopped by Darcy Kuemper without a rebound.
10:02 of 2nd period - Juuso Parssinen wins face-off versus Robert Thomas in Rangers zone.
10:29 of 2nd period - Shot by Victor Hedman.
10:29 of 2nd period - Deflect By Joel Farabee.
10:29 of 2nd period - Stopped by Darcy Kuemper without a rebound.
10:30 of 2nd period - Mika Zibanejad wins face-off versus Juuso Parssinen in Rangers zone.
10:45 of 2nd period - Shot by Eetu Luostarinen.
10:45 of 2nd period - Shot Blocked by Nick Bonino.
11:33 of 2nd period - Icing by Alex Pietrangelo.
11:34 of 2nd period - Jesse Puljujarvi wins face-off versus Robert Thomas in Flyers zone.
11:39 of 2nd period - Shot by Jesse Puljujarvi.
11:39 of 2nd period - Deflect By Luke Kunin.
11:39 of 2nd period - Stopped by Linus Ullmark without a rebound.
11:40 of 2nd period - Mika Zibanejad wins face-off versus Eric Robinson in Flyers zone.
12:15 of 2nd period - Shot by William Nylander.
12:15 of 2nd period - Shot Misses the Net.
12:17 of 2nd period - Shot by Jake DeBrusk.
12:17 of 2nd period - Shot Blocked by Artem Zub.
12:19 of 2nd period - Shot by Victor Hedman.
12:19 of 2nd period - Shot Misses the Net.
12:21 of 2nd period - Shot by Mika Zibanejad.
12:21 of 2nd period - Shot Misses the Net.
12:23 of 2nd period - Shot by Mika Zibanejad.
12:23 of 2nd period - Deflect By Jake DeBrusk.
12:23 of 2nd period - Stopped by Darcy Kuemper without a rebound.
12:24 of 2nd period - Robert Thomas wins face-off versus Juuso Parssinen in Rangers zone.
12:24 of 2nd period - Jared McCann is hit by Luke Schenn and loses puck.
12:26 of 2nd period - Minor Penalty to Luke Schenn for Hooking.
12:27 of 2nd period - Mika Zibanejad wins face-off versus Juuso Parssinen in Rangers zone.
12:50 of 2nd period - Shot by Jared McCann.
12:50 of 2nd period - Shot Blocked by Adam Erne.
12:52 of 2nd period - Shot by Alex Pietrangelo.
12:52 of 2nd period - Shot Blocked by Caleb Jones.
12:54 of 2nd period - Shot by Alex Pietrangelo.
12:54 of 2nd period - Goal by Alex Pietrangelo - Rangers : 2 - Flyers : 1.
12:55 of 2nd period - Nick Bonino wins face-off versus Calle Jarnkrok in neutral zone.
13:47 of 2nd period - Brandon Tanev is hit by Kieffer Bellows and loses puck.
14:12 of 2nd period - Shot by Jesse Puljujarvi.
14:12 of 2nd period - Shot Misses the Net.
14:14 of 2nd period - Shot by Eric Robinson.
14:14 of 2nd period - Shot Misses the Net.
14:16 of 2nd period - Shot by Eric Robinson.
14:16 of 2nd period - Shot Misses the Net.
14:18 of 2nd period - Shot by Luke Kunin.
14:18 of 2nd period - Stopped by Linus Ullmark with a rebound.
14:20 of 2nd period - Shot by Eric Robinson.
14:20 of 2nd period - Shot Blocked by Erik Johnson.
14:22 of 2nd period - Shot by Jesse Puljujarvi.
14:22 of 2nd period - Shot Blocked by Dante Fabbro.
14:24 of 2nd period - Shot by Jesse Puljujarvi.
14:24 of 2nd period - Shot Blocked by Joel Farabee.
14:26 of 2nd period - Shot by Eric Robinson.
14:26 of 2nd period - Goal by Eric Robinson - Rangers : 3 - Flyers : 1.
14:27 of 2nd period - Juuso Parssinen wins face-off versus Robert Thomas in neutral zone.
14:55 of 2nd period - Minor Penalty to Mario Ferraro for Roughing.
14:56 of 2nd period - Luke Kunin wins face-off versus Mika Zibanejad in Rangers zone.
14:56 of 2nd period - Luke Kunin is hit by Jared McCann.
15:39 of 2nd period - Shot by Alex Pietrangelo.
15:39 of 2nd period - Shot Misses the Net.
15:41 of 2nd period - Shot by Alex Pietrangelo.
15:41 of 2nd period - Shot Blocked by Adam Erne.
15:55 of 2nd period - Shot by Jake DeBrusk.
15:55 of 2nd period - Shot Misses the Net.
15:57 of 2nd period - Shot by Alex Pietrangelo.
15:57 of 2nd period - Stopped by Darcy Kuemper without a rebound.
15:58 of 2nd period - Mika Zibanejad wins face-off versus Luke Kunin in Rangers zone.
16:01 of 2nd period - Shot by Alex Pietrangelo.
16:01 of 2nd period - Stopped by Darcy Kuemper without a rebound.
16:02 of 2nd period - Jake DeBrusk wins face-off versus Luke Kunin in Rangers zone.
16:07 of 2nd period - Shot by Aaron Ekblad.
16:07 of 2nd period - Shot Blocked by Artem Zub.
16:09 of 2nd period - Shot by Alex Pietrangelo.
16:09 of 2nd period - Stopped by Darcy Kuemper without a rebound.
16:10 of 2nd period - Johnny Gaudreau wins face-off versus Luke Kunin in Rangers zone.
16:27 of 2nd period - Off-side.
16:28 of 2nd period - Robert Thomas wins face-off versus Juuso Parssinen in neutral zone.
16:52 of 2nd period - Shot by Aaron Ekblad.
16:52 of 2nd period - Shot Hit the Post.
16:54 of 2nd period - Shot by Alex Pietrangelo.
16:54 of 2nd period - Shot Misses the Net.
17:04 of 2nd period - Shot by Nick Bonino.
17:04 of 2nd period - Stopped by Linus Ullmark with a rebound.
17:16 of 2nd period - Shot by Nick Bonino.
17:16 of 2nd period - Stopped by Linus Ullmark without a rebound.
17:17 of 2nd period - Luke Kunin wins face-off versus Robert Thomas in Flyers zone.
17:24 of 2nd period - Shot by Luke Kunin.
17:24 of 2nd period - Stopped by Linus Ullmark with a rebound.
17:26 of 2nd period - Shot by Luke Kunin.
17:26 of 2nd period - Stopped by Linus Ullmark without a rebound.
17:27 of 2nd period - Juuso Parssinen wins face-off versus Mika Zibanejad in Flyers zone.
17:33 of 2nd period - Icing by Vince Dunn.
17:34 of 2nd period - Luke Kunin wins face-off versus Mika Zibanejad in Flyers zone.
17:39 of 2nd period - Shot by Jesse Puljujarvi.
17:39 of 2nd period - Stopped by Linus Ullmark without a rebound.
17:40 of 2nd period - Robert Thomas wins face-off versus Luke Kunin in Flyers zone.
18:01 of 2nd period - Shot by Johnny Gaudreau.
18:01 of 2nd period - Stopped by Darcy Kuemper without a rebound.
18:02 of 2nd period - Mika Zibanejad wins face-off versus Juuso Parssinen in Rangers zone.
18:07 of 2nd period - Shot by Mika Zibanejad.
18:07 of 2nd period - Stopped by Darcy Kuemper without a rebound.
18:08 of 2nd period - Juuso Parssinen wins face-off versus Robert Thomas in Rangers zone.
18:08 of 2nd period - Juuso Parssinen is hit by Robert Thomas.
18:22 of 2nd period - Shot by Juuso Parssinen.
18:22 of 2nd period - Deflect By Casey Mittelstadt.
18:22 of 2nd period - Stopped by Linus Ullmark without a rebound.
18:23 of 2nd period - Luke Kunin wins face-off versus Mika Zibanejad in Flyers zone.
18:42 of 2nd period - Shot by William Nylander.
18:42 of 2nd period - Shot Misses the Net.
18:47 of 2nd period - Luke Schenn is hit by Aaron Ekblad and loses puck.
18:52 of 2nd period - Shot by Jesse Puljujarvi.
18:52 of 2nd period - Stopped by Linus Ullmark without a rebound.
18:52 of 2nd period - Minor Penalty to Vince Dunn for Hooking.
18:52 of 2nd period - Minor Penalty to Luke Kunin for Tripping.
18:53 of 2nd period - Juuso Parssinen wins face-off versus Mika Zibanejad in Flyers zone.
19:22 of 2nd period - Artem Zub is hit by Johnny Gaudreau and loses puck.
19:38 of 2nd period - Off-side.
19:39 of 2nd period - Kent Johnson wins face-off versus Robert Thomas in neutral zone.
19:56 of 2nd period - Icing by Robert Thomas.
19:57 of 2nd period - Robert Thomas wins face-off versus Juuso Parssinen in Flyers zone.
Goals for this period are 1 for Rangers vs 1 for Flyers.
Shots for this period are 11 for Rangers vs 16 for Flyers.

3rd period


0:01 of 3rd period - Mika Zibanejad wins face-off versus Juuso Parssinen in neutral zone.
0:01 of 3rd period - Mika Zibanejad is hit by Juuso Parssinen.
0:09 of 3rd period - Icing by Artem Zub.
0:10 of 3rd period - Mika Zibanejad wins face-off versus Juuso Parssinen in Rangers zone.
0:10 of 3rd period - Mika Zibanejad is hit by Martin Fehervary.
0:39 of 3rd period - Shot by Johnny Gaudreau.
0:39 of 3rd period - Stopped by Darcy Kuemper without a rebound.
0:40 of 3rd period - Juuso Parssinen wins face-off versus Mika Zibanejad in Rangers zone.
1:22 of 3rd period - Nick Bonino is hit by Joel Farabee and loses puck.
1:56 of 3rd period - Aaron Ekblad is hit by Luke Kunin and loses puck.
2:15 of 3rd period - Shot by Jesse Puljujarvi.
2:15 of 3rd period - Shot Blocked by Johnny Gaudreau.
2:35 of 3rd period - Shot by Jared McCann.
2:35 of 3rd period - Shot Blocked by Jesse Puljujarvi.
2:46 of 3rd period - Robert Thomas is hit by Artem Zub and loses puck.
2:53 of 3rd period - Shot by Johnny Gaudreau.
2:53 of 3rd period - Shot Misses the Net.
3:17 of 3rd period - Shot by Jake DeBrusk.
3:17 of 3rd period - Stopped by Darcy Kuemper without a rebound.
3:18 of 3rd period - Eetu Luostarinen wins face-off versus Juuso Parssinen in Rangers zone.
3:49 of 3rd period - Shot by Tomas Tatar.
3:49 of 3rd period - Stopped by Darcy Kuemper without a rebound.
3:50 of 3rd period - Mika Zibanejad wins face-off versus Logan Brown in Rangers zone.
4:13 of 3rd period - Shot by Nathan Walker.
4:13 of 3rd period - Shot Misses the Net.
4:18 of 3rd period - Mika Zibanejad is hit by Nathan Walker and loses puck.
4:29 of 3rd period - Shot by Mika Zibanejad.
4:29 of 3rd period - Stopped by Darcy Kuemper without a rebound.
4:30 of 3rd period - Juuso Parssinen wins face-off versus Robert Thomas in Rangers zone.
4:45 of 3rd period - Shot by Adam Erne.
4:45 of 3rd period - Shot Misses the Net.
4:48 of 3rd period - Icing by Aaron Ekblad.
4:49 of 3rd period - Robert Thomas wins face-off versus Kieffer Bellows in Flyers zone.
4:58 of 3rd period - Icing by Artem Zub.
4:59 of 3rd period - Kent Johnson wins face-off versus William Nylander in Rangers zone.
5:18 of 3rd period - Shot by Nick Bonino.
5:18 of 3rd period - Shot Misses the Net.
5:20 of 3rd period - Shot by Nick Bonino.
5:20 of 3rd period - Deflect By Kent Johnson.
5:20 of 3rd period - Stopped by Linus Ullmark without a rebound.
5:21 of 3rd period - Luke Kunin wins face-off versus Robert Thomas in Flyers zone.
5:24 of 3rd period - Shot by Jesse Puljujarvi.
5:24 of 3rd period - Shot Misses the Net.
6:11 of 3rd period - Icing by Robert Thomas.
6:12 of 3rd period - Robert Thomas wins face-off versus Juuso Parssinen in Flyers zone.
6:28 of 3rd period - Off-side.
6:29 of 3rd period - Kent Johnson wins face-off versus Mika Zibanejad in neutral zone.
7:39 of 3rd period - Icing by Brandon Tanev.
7:40 of 3rd period - Luke Kunin wins face-off versus Calle Jarnkrok in Flyers zone.
7:57 of 3rd period - Shot by Calle Jarnkrok.
7:57 of 3rd period - Shot Misses the Net.
8:05 of 3rd period - Shot by Brandon Tanev.
8:05 of 3rd period - Stopped by Darcy Kuemper without a rebound.
8:06 of 3rd period - Juuso Parssinen wins face-off versus Robert Thomas in Rangers zone.
8:06 of 3rd period - Juuso Parssinen is hit by Jared McCann.
8:20 of 3rd period - Shot by Juuso Parssinen.
8:20 of 3rd period - Stopped by Linus Ullmark without a rebound.
8:21 of 3rd period - Luke Kunin wins face-off versus Mika Zibanejad in Flyers zone.
8:29 of 3rd period - Victor Hedman is hit by Luke Schenn and loses puck.
8:44 of 3rd period - Alex Pietrangelo is hit by Jesse Puljujarvi and loses puck.
8:50 of 3rd period - Victor Hedman is hit by Luke Schenn and loses puck.
9:00 of 3rd period - Mika Zibanejad is hit by Luke Schenn and loses puck.
9:27 of 3rd period - Shot by Robert Thomas.
9:27 of 3rd period - Stopped by Darcy Kuemper without a rebound.
9:28 of 3rd period - Juuso Parssinen wins face-off versus Calle Jarnkrok in Rangers zone.
10:10 of 3rd period - Martin Fehervary is hit by Brandon Tanev and loses puck.
11:27 of 3rd period - Shot by Jake DeBrusk.
11:27 of 3rd period - Stopped by Darcy Kuemper without a rebound.
11:28 of 3rd period - Luke Kunin wins face-off versus Eetu Luostarinen in Rangers zone.
13:30 of 3rd period - Shot by Robert Thomas.
13:30 of 3rd period - Stopped by Darcy Kuemper without a rebound.
13:31 of 3rd period - Juuso Parssinen wins face-off versus Joel Farabee in Rangers zone.
14:11 of 3rd period - Shot by Calle Jarnkrok.
14:11 of 3rd period - Stopped by Darcy Kuemper without a rebound.
14:12 of 3rd period - Robert Thomas wins face-off versus Nick Bonino in Rangers zone.
14:50 of 3rd period - Mario Ferraro is hit by Johnny Gaudreau and loses puck.
15:43 of 3rd period - Icing by Dante Fabbro.
15:44 of 3rd period - Juuso Parssinen wins face-off versus Mika Zibanejad in Flyers zone.
15:47 of 3rd period - Shot by Juuso Parssinen.
15:47 of 3rd period - Deflect By Casey Mittelstadt.
15:47 of 3rd period - Shot Blocked by Erik Johnson.
15:54 of 3rd period - Icing by Dante Fabbro.
15:55 of 3rd period - Mika Zibanejad wins face-off versus Casey Mittelstadt in Flyers zone.
15:55 of 3rd period - Mika Zibanejad is hit by Adam Erne.
16:03 of 3rd period - Artem Zub is hit by William Nylander and loses puck.
16:07 of 3rd period - Minor Penalty to Jake DeBrusk for Boarding.
16:08 of 3rd period - Brandon Tanev wins face-off versus Luke Kunin in Flyers zone.
16:25 of 3rd period - Eric Robinson is hit by Mika Zibanejad and loses puck.
16:53 of 3rd period - Off-side.
16:54 of 3rd period - Juuso Parssinen wins face-off versus Robert Thomas in neutral zone.
16:59 of 3rd period - Shot by Kent Johnson.
16:59 of 3rd period - Shot Misses the Net.
17:01 of 3rd period - Shot by Martin Fehervary.
17:01 of 3rd period - Shot Blocked by Vince Dunn.
17:03 of 3rd period - Shot by Adam Erne.
17:03 of 3rd period - Shot Blocked by Vince Dunn.
17:12 of 3rd period - Icing by Artem Zub.
17:13 of 3rd period - Mika Zibanejad wins face-off versus Adam Erne in Rangers zone.
17:26 of 3rd period - Shot by Kent Johnson.
17:26 of 3rd period - Stopped by Linus Ullmark without a rebound.
17:27 of 3rd period - Eric Robinson wins face-off versus Robert Thomas in Flyers zone.
18:00 of 3rd period - Shot by Luke Schenn.
18:00 of 3rd period - Shot Misses the Net.
18:24 of 3rd period - Johnny Gaudreau is hit by Caleb Jones and loses puck.
18:36 of 3rd period - Shot by Robert Thomas.
18:36 of 3rd period - Stopped by Darcy Kuemper without a rebound.
18:36 of 3rd period - Minor Penalty to Mario Ferraro for Tripping.
18:37 of 3rd period - Robert Thomas wins face-off versus Juuso Parssinen in Rangers zone.
18:39 of 3rd period - Jake DeBrusk is hit by Martin Fehervary and loses puck.
19:31 of 3rd period - Alex Pietrangelo is hit by Luke Kunin and loses puck.
19:59 of 3rd period - Shot by Alex Pietrangelo.
19:59 of 3rd period - Stopped by Darcy Kuemper without a rebound.
Goals for this period are 0 for Rangers vs 0 for Flyers.
Shots for this period are 3 for Rangers vs 11 for Flyers.